 Dungeon Crawl Stone Soup version 0.24-a0-279-ga7546fe (webtiles) character file.

Game seed: 3524445886250396751

55 gruber the Chopper (level 3, -3/33 HPs)
             Began as a Deep Dwarf Fighter on May 1, 2019.
             Slain by a gnoll
             ... wielding a +0 spear
              (6 damage)
             ... on level 2 of the Dungeon.
             The game lasted 00:01:54 (994 turns).

gruber the Chopper (Deep Dwarf Fighter)              Turns: 994, Time: 00:01:56

Health: -3/33      AC:  6    Str: 20    XL:     3   Next: 67%
Magic:  3/3        EV:  7    Int:  8    God:
Gold:   63         SH:  9    Dex: 12    Spells: 2/2 levels left

rFire    . . .     SeeInvis .   a - +0 war axe
rCold    . . .     Gourm    +   c - +0 shield
rNeg     . . .     Faith    .   b - +0 scale mail
rPois    .         Spirit   .   (no helmet)
rElec    .         Reflect  .   (no cloak)
rCorr    .         Harm     .   (no gloves)
MR       .....                  (no boots)
Stlth    ..........             e - amulet of the gourmand
HPRegen  0.00/turn              (no ring)
MPRegen  0.08/turn              (no ring)

@: non-regenerating
A: damage resistance, heal wounds, sense surroundings 1, no regeneration
a: Heal Wounds


You were on level 2 of the Dungeon.
You were full.

You visited 1 branch of the dungeon, and saw 2 of its levels.

You collected 63 gold pieces.

Inventory:

Hand Weapons
 a - a +0 war axe (weapon)
 o - a +1 dagger of venom
Armour
 b - a +0 scale mail (worn)
 c - a +0 shield (worn)
Jewellery
 e - an amulet of the gourmand (around neck)
Scrolls
 g - a scroll of immolation {unknown}
 h - 3 scrolls of remove curse {unknown}
 i - a scroll of amnesia {unknown}
 k - a scroll of enchant armour {unknown}
 m - 2 scrolls of fear {unknown}
 n - a scroll of identify {unknown}
Potions
 d - 2 potions of might
 j - 3 potions of brilliance {unknown}
 l - a potion of curing {unknown}
 p - a potion of haste {unknown}
Comestibles
 f - 3 rations


   Skills:
 - Level 2.6 Fighting
 + Level 4.5 Axes
 - Level 3.2 Armour
 - Level 3.2 Shields


You had 2 spell levels left.
You didn't know any spells.
Your spell library was empty.

Dungeon Overview and Level Annotations

Branches:
Dungeon (2/15)

Altars:


Innate Abilities, Weirdness & Mutations

You are resistant to damage.
You can heal yourself by infusing magical energy.
You passively map a small area around you.
You do not regenerate.


Message History

You are too injured to fight recklessly!
You are too injured to fight recklessly!
You barely miss the gnoll. The gnoll hits you with a +0 club!
* * * LOW HITPOINT WARNING * * *
The gnoll hits you but does no damage.
Your shield prevents you from hitting the gnoll.
The gnoll hits you but does no damage.
The gnoll hits you from afar with a +0 spear.
* * * LOW HITPOINT WARNING * * *
The gnoll hits you but does no damage.
You barely miss the gnoll.
The gnoll hits you from afar with a +0 spear.
The gnoll barely misses you.
You slash the gnoll!
The gnoll is almost dead.
The gnoll hits you from afar with a +0 spear.
* * * LOW HITPOINT WARNING * * *
The gnoll closely misses you.
The gnoll hits you from afar with a +0 spear!
You die...

, * *....... * ###* .......
,, , ... #### *......., ,
,, , ,.., .....####.......
, #.## #....(?...... , ,
..# ##......... * * #.#
###..#.......
#########.#####g..##.......
#####...........@ggg###
#######
#.....#########.#####
#.##### #####.).# ..###
#......##
....#######.######
###.........# ####....P.###
#....##Pā‰ˆā‰ˆ##
.....).ā‰ˆPā‰ˆ.# ###


You could see 4 gnolls.

Vanquished Creatures
  3 worms (D:2)
  An orc (D:2)
  5 bats
  2 giant cockroaches (D:2)
  11 goblins
  6 hobgoblins
  4 kobolds
  A quokka (D:2)
  6 frilled lizards
  5 rats
44 creatures vanquished.

Notes
Turn   | Place    | Note
-------+----------+-------------------------------------------
     0 | D:1      | gruber the Deep Dwarf Fighter began the quest for the Orb.
     0 | D:1      | Reached XP level 1. HP: 20/20 MP: 1/1
   181 | D:1      | You fall through a shaft!
   184 | D:2      | Reached skill level 3 in Axes
   185 | D:2      | Reached XP level 2. HP: 22/27 MP: 2/2
   335 | D:2      | Reached XP level 3. HP: 19/33 MP: 3/3
   345 | D:2      | Reached skill level 4 in Axes
   994 | D:2      | Slain by a gnoll

Levels and vault maps discovered:
D:1:      mrwooster_arrival_statue_2, layout_rooms
D:2:      layout_rooms, serial_bayou_pond_e

Skill      XL: |  1  2  3 |
---------------+----------+-----
Axes           | 3 4 |  4.5
Fighting       | |  2.6
Armour         | |  3.2
Shields        | |  3.2

Action                   || total
-------------------------++-------
Melee: War axe           ||   119
  Eat: Chunk             ||     9
Armor: Scale mail        ||    41
Dodge: Dodged            ||    38
Block: Shield            ||    59

Table legend:
 A = Non-vault XP
 B = Vault XP
 C = Vault XP percentage of total XP
 D = Non-vault monster count
 E = Vault monster count
 F = Vault count percentage of total count
                 A         B        C        D         E       F
            +---------+---------+-------+---------+---------+-------
      Total |      79 |       0 |   0.0 |      44 |       0 |   0.0
            +---------+---------+-------+---------+---------+-------
        D:1 |      28 |       0 |   0.0 |      19 |       0 |   0.0
        D:2 |      51 |       0 |   0.0 |      25 |       0 |   0.0
            +---------+---------+-------+---------+---------+-------
